[Event "December 12 Late 2023"]
[Site "https://www.chess.com"]
[Date "2023.12.12"]
[Round "6"]
[White "Dubreuil, Julien"]
[Black "ogpin"]
[Result "0-1"]
[Board "133"]
[TimeControl "180+1"]
[WhiteFideId "621285"]
[WhiteElo "2304"]
[BlackElo "2127"]
[WhiteTeam "FRA"]
[WhiteClock "0:01:19"]
[BlackClock "0:00:39"]

1. a3 a5 2. Nf3 Nf6 3. g3 c6 4. Bg2 d5 5. O-O e6 6. b3 Be7 7. Bb2 O-O 8. d3 Nbd7 9. Nbd2 b5 10. e4 Ba6 11. e5 Ne8 12. Re1 Rc8 13. h4 c5 14. c4 bxc4 15. bxc4 Nb6 16. Bc3 dxc4 17. dxc4 Nxc4 18. Nxc4 Bxc4 19. Qa4 Qd3 20. Rac1 Nc7 21. Re3 Bb5 22. Qg4 Qg6 23. Qf4 Nd5 24. Qe4 Nxe3 25. Qxe3 a4 26. h5 Qd3 27. Qf4 c4 28. h6 g6 29. Bb4 Qd8 30. Bxe7 Qxe7 31. Ng5 c3 32. Ne4 Rfd8 33. Nf6+ Kh8 34. Rc2 Bd3 35. Rc1 c2 36. Kh2 Bf5 37. g4 Rd1 38. gxf5 Rxc1 39. fxg6 Rh1+ 40. Bxh1 hxg6 41. Qc1 Qc5 42. Ne4 Qxe5+ 43. f4 Qh5+ 44. Kg1 Qd1+ 0-1

[Event "December 12 Late 2023"]
[Site "https://www.chess.com"]
[Date "2023.12.12"]
[Round "6"]
[White "Pesotskiy, Mikhail"]
[Black "Floresvillar Gonzalez, Luis Migu"]
[Result "0-1"]
[Board "134"]
[TimeControl "180+1"]
[WhiteFideId "34164453"]
[BlackFideId "5100542"]
[WhiteElo "2561"]
[BlackElo "2202"]
[WhiteTeam "RUS"]
[BlackTeam "MEX"]
[WhiteClock "0:00:13"]
[BlackClock "0:00:28"]

1. d4 Nf6 2. c4 e5 3. dxe5 Ng4 4. Bf4 g5 5. Bg3 Bg7 6. Nf3 Nc6 7. h4 h6 8. hxg5 hxg5 9. Rxh8+ Bxh8 10. Qc2 Ngxe5 11. Nxe5 Bxe5 12. Bxe5 Nxe5 13. Nc3 d6 14. O-O-O Be6 15. c5 Qe7 16. cxd6 cxd6 17. Qa4+ Bd7 18. Qd4 Rc8 19. Qxd6 Qxd6 20. Rxd6 Ke7 21. Rd4 Be6 22. e3 a6 23. Be2 b5 24. a3 f6 25. g3 Rc5 26. Kd2 Bc4 27. f4 gxf4 28. gxf4 Bxe2 29. fxe5 fxe5 30. Rd5 Rxd5+ 31. Nxd5+ Kd6 32. Nb4 a5 33. Kxe2 axb4 34. axb4 Kd5 35. Kd3 e4+ 36. Kc3 Ke5 37. Kd2 Kf5 38. Ke2 Kg4 39. Kf2 Kh3 0-1

[Event "December 12 Late 2023"]
[Site "https://www.chess.com"]
[Date "2023.12.12"]
[Round "6"]
[White "Szczepanek, Radoslaw"]
[Black "Kostiukov, Alexandr"]
[Result "1-0"]
[Board "135"]
[TimeControl "180+1"]
[WhiteFideId "1120395"]
[BlackFideId "14108100"]
[WhiteElo "2399"]
[BlackElo "2351"]
[WhiteTeam "POL"]
[BlackTeam "UKR"]
[WhiteClock "0:00:17"]
[BlackClock "0:00:09"]

1. c4 c5 2. g3 Nf6 3. Nc3 g6 4. Bg2 Bg7 5. d3 O-O 6. e4 Nc6 7. Nge2 e6 8. O-O b6 9. f4 Bb7 10. h3 d6 11. Be3 Rc8 12. g4 Re8 13. Qe1 d5 14. e5 Nxg4 15. hxg4 d4 16. Ne4 dxe3 17. Nd6 Ba8 18. Qg3 Nd4 19. Nxd4 cxd4 20. Nxc8 Qxc8 21. Bxa8 Qxa8 22. Qg2 Qxg2+ 23. Kxg2 g5 24. b4 gxf4 25. Rxf4 Bxe5 26. Re4 f6 27. c5 bxc5 28. bxc5 Rc8 29. Rc1 Rc6 30. Kf3 Kf7 31. g5 Kg6 32. gxf6 Bxf6 33. Rg4+ Kf5 34. Rf4+ Ke5 35. Rc4 h6 36. Rfxd4 Bg5 37. Re4+ Kf5 38. d4 Ra6 39. c6 Rxa2 40. Rxe3 Bxe3 41. Kxe3 Ra3+ 42. Kd2 Rg3 43. c7 Rg8 44. c8=Q Rxc8 45. Rxc8 Ke4 46. Kc3 1-0

[Event "December 12 Late 2023"]
[Site "https://www.chess.com"]
[Date "2023.12.12"]
[Round "6"]
[White "Kniazev, Igor"]
[Black "Dilmukhametov, Artur"]
[Result "1-0"]
[Board "136"]
[TimeControl "180+1"]
[WhiteFideId "4136349"]
[BlackFideId "24179922"]
[WhiteElo "2078"]
[BlackElo "2377"]
[WhiteTeam "RUS"]
[BlackTeam "RUS"]
[WhiteClock "0:00:03"]
[BlackClock "0:00:00"]

1. e4 e5 2. Nf3 d5 3. Nxe5 Bd6 4. d4 dxe4 5. Nc3 Bxe5 6. dxe5 Qxd1+ 7. Nxd1 Nc6 8. Bb5 Ne7 9. O-O h6 10. Nc3 Bf5 11. Re1 O-O-O 12. Bf4 Nd4 13. Ba4 Ng6 14. Bg3 Rhe8 15. Nxe4 f6 16. c3 b5 17. cxd4 bxa4 18. Rac1 Kb7 19. Nc5+ Kb8 20. Na6+ Kb7 21. Nxc7 Re7 22. exf6 Rxe1+ 23. Rxe1 gxf6 24. d5 h5 25. h4 Nxh4 26. Bxh4 Kxc7 27. Rc1+ Kb7 28. Rc5 Rd6 29. f3 Bb1 30. a3 Ba2 31. Rb5+ Ka6 32. Rb4 Bb3 33. Rf4 Rxd5 34. Rxf6+ Kb5 35. Rg6 Rd1+ 36. Kh2 Rd2 37. Rg5+ Kb6 38. Rxh5 Rxb2 39. f4 1-0

[Event "December 12 Late 2023"]
[Site "https://www.chess.com"]
[Date "2023.12.12"]
[Round "7"]
[White "Hakobyan, Aram"]
[Black "Lazavik, Denis"]
[Result "0-1"]
[Board "1"]
[TimeControl "180+1"]
[WhiteFideId "13306677"]
[BlackFideId "13515110"]
[WhiteElo "3025"]
[BlackElo "3073"]
[WhiteTeam "ARM"]
[BlackTeam "BLR"]
[WhiteClock "0:00:05"]
[BlackClock "0:00:22"]

1. d4 Nf6 2. c4 e6 3. Nc3 Bb4 4. e3 O-O 5. a3 Bxc3+ 6. bxc3 Nc6 7. Ne2 b6 8. Ng3 Na5 9. e4 Ne8 10. Bd3 Ba6 11. Qe2 c5 12. d5 f5 13. exf5 exd5 14. cxd5 Bxd3 15. Qxd3 Nd6 16. O-O Qf6 17. Bf4 Nxf5 18. Rae1 c4 19. Qe4 Qg6 20. Nxf5 Rxf5 21. Bg3 Qf7 22. d6 Rf8 23. Qg4 Nc6 24. Re4 b5 25. h3 h5 26. Qe2 Qg6 27. Re1 a6 28. Kh2 Qf6 29. Qe3 Qg6 30. Qb6 a5 31. h4 Qf6 32. Qc7 Rf7 33. Re7 Nxe7 34. dxe7 Rxe7 35. Rd1 d5 36. Qxa5 Qc6 37. Rb1 d4 38. Qd8+ Re8 39. Qxd4 Qe4 40. Qd7 Qe6 41. Qb7 Qd5 42. Qa6 Re6 43. Qa7 Kh7 44. a4 bxa4 45. Qxa4 Rg6 46. Rd1 Qe4 47. Rd4 Qe6 48. Qxc4 Qxc4 49. Rxc4 Re6 50. Rd4 Rc6 51. c4 Rfc5 52. Rd5 Kg6 53. Rd7 Rxc4 54. Rd8 Re4 55. Rd5 Rce6 56. Rg5+ Kh6 57. Kh3 g6 58. Kh2 Kg7 59. Rd5 Ra4 60. Rd7+ Kf6 61. Rd3 Ree4 62. Rf3+ Ke6 63. Rb3 Kf6 64. Rb6+ Re6 65. Rb3 Ra1 66. Bf4 Ree1 67. Kg3 Red1 68. Rb6+ Kf5 69. Rb5+ Ke6 70. Rb6+ Kf7 71. Bg5 Ra3+ 72. Kh2 Ra2 73. Rf6+ Kg7 74. Rf3 Rd5 75. Kg3 Rf5 76. Rxf5 gxf5 77. Be3 Kg6 78. Kf4 Ra4+ 79. Kg3 Rg4+ 80. Kh3 Kf7 81. Bg5 Ra4 82. Bd2 Ke6 83. Kg3 Rg4+ 84. Kh3 Rd4 85. Be3 Rd3 86. Kg3 Ke5 87. Kh2 f4 88. Bb6 Kf5 89. Bd8 f3 90. gxf3 Rxf3 91. Kg2 Kg4 92. Bg5 Rb3 93. Bd8 Rb2 94. Bg5 Ra2 95. Bd8 Kf5 96. Bg5 Ke4 97. Bd8 Kd3 98. Bg5 Ke2 99. Be3 Ra4 100. Kg3 Rg4+ 101. Kh3 Kf3 102. Bb6 Rg1 103. Kh2 Rb1 104. Be3 Rb4 105. Kh3 Rc4 106. Bg5 Kxf2 107. Be7 Kf3 108. Bg5 Rc2 109. Bf6 Rc1 110. Kh2 Kg4 111. Bg5 Rc2+ 112. Kg1 Kg3 113. Kf1 Kf3 114. Kg1 Rg2+ 115. Kh1 Kf2 116. Bf4 Kf3 117. Bg5 Kg3 118. Bf6 Kh3 119. Bg5 Rg3 120. Bf6 Rf3 121. Bd4 Kxh4 122. Kg2 Kg4 123. Bf2 Rd3 124. Be1 Re3 125. Bf2 Re2 126. Kf1 Kf3 127. Be1 h4 128. Bxh4 Rh2 129. Bf2 Rxf2+ 0-1

[Event "December 12 Late 2023"]
[Site "https://www.chess.com"]
[Date "2023.12.12"]
[Round "7"]
[White "Smirnov, Anton"]
[Black "Bluebaum, Matthias"]
[Result "1/2-1/2"]
[Board "2"]
[TimeControl "180+1"]
[WhiteFideId "3208923"]
[BlackFideId "24651516"]
[WhiteElo "2985"]
[BlackElo "3055"]
[WhiteTeam "AUS"]
[BlackTeam "GER"]
[WhiteClock "0:00:39"]
[BlackClock "0:00:42"]

1. e4 e6 2. d4 d5 3. Nc3 Nf6 4. e5 Nfd7 5. f4 c5 6. Nf3 Nc6 7. Be3 a6 8. Qd2 b5 9. Nd1 b4 10. Nf2 Be7 11. Be2 O-O 12. O-O a5 13. Nd3 cxd4 14. Nxd4 Nxd4 15. Bxd4 f6 16. Qe3 fxe5 17. Nxe5 Nxe5 18. Bxe5 Bd7 19. Bd3 Bf6 20. Rae1 Rc8 21. Kh1 Bxe5 22. fxe5 Qh4 23. g3 Qh3 24. Qg5 Bc6 25. Kg1 d4 26. Qd2 Bd5 27. a3 bxa3 28. bxa3 h5 29. Rxf8+ Rxf8 30. Rf1 Rxf1+ 31. Bxf1 Qf5 32. Qxd4 Qxc2 33. Qe3 Qd1 34. Kf2 Qc2+ 35. Kg1 a4 36. h4 Qd1 37. Kf2 Qc2+ 38. Kg1 Qd1 39. Kf2 Qc2+ 40. Kg1 1/2-1/2

[Event "December 12 Late 2023"]
[Site "https://www.chess.com"]
[Date "2023.12.12"]
[Round "7"]
[White "Nihal Sarin"]
[Black "Bortnyk, Olexandr"]
[Result "1/2-1/2"]
[Board "3"]
[TimeControl "180+1"]
[WhiteFideId "25092340"]
[BlackFideId "14120828"]
[WhiteElo "3144"]
[BlackElo "2986"]
[WhiteTeam "IND"]
[BlackTeam "UKR"]
[WhiteClock "0:00:07"]
[BlackClock "0:00:03"]

1. e4 Nf6 2. e5 Nd5 3. d4 d6 4. Nf3 dxe5 5. Nxe5 c6 6. Bd3 Nd7 7. Nf3 N7f6 8. h3 Nb4 9. Be2 Bf5 10. Na3 e6 11. O-O Bd6 12. c3 Nbd5 13. Nc4 Bc7 14. Re1 O-O 15. Bg5 h6 16. Bh4 Nf4 17. Bf1 Ng6 18. Bg3 Bxg3 19. fxg3 Qc7 20. Nfe5 c5 21. g4 Be4 22. Nxg6 Bxg6 23. dxc5 Qxc5+ 24. Qd4 Qxd4+ 25. cxd4 Rfd8 26. Red1 Rac8 27. Rac1 Be4 28. Ne5 Kf8 29. Kf2 Rxc1 30. Rxc1 Rxd4 31. Rc7 Rd5 32. Nxf7 Rd2+ 33. Ke1 Rxb2 34. Nd6 Rxa2 35. Nxb7 Nd5 36. Rc8+ Ke7 37. Nc5 Bxg2 38. Bxg2 Rxg2 39. Rc6 Nf4 40. Ra6 g5 41. Rxa7+ Kd6 42. Ne4+ Ke5 43. Nf2 Rg3 44. Ra5+ Kd4 45. Ra4+ Kd5 46. Ra5+ Kc4 47. h4 Ng2+ 48. Kf1 Nxh4 49. Re5 Ra3 50. Rxe6 Kd4 51. Rxh6 Ra1+ 52. Ke2 Ra2+ 53. Kf1 Ke3 54. Re6+ Kf3 55. Rf6+ Kg3 56. Ne4+ Kxg4 57. Rf2 Ra1+ 58. Ke2 Ra4 59. Nxg5 Kxg5 60. Rf8 Nf5 61. Kd2 Kf4 62. Kd3 Rd4+ 63. Kc3 Rd7 64. Re8 Ne7 65. Rh8 Nd5+ 66. Kd4 Ne3+ 67. Kc3 Rc7+ 68. Kd3 Nf5 69. Rf8 Rc6 70. Re8 Rd6+ 71. Kc3 Ng3 72. Rf8+ Ke3 73. Re8+ Ne4+ 74. Kc4 Rd1 75. Rh8 Rc1+ 76. Kd5 Rc5+ 77. Ke6 Ra5 78. Rh1 Ng5+ 79. Kd6 Nf3 80. Rb1 Ke4 81. Ke7 Kf5 82. Rf1 Ra3 83. Kd6 Rd3+ 84. Ke7 Ke5 85. Ra1 Rd5 86. Ra3 Ng5 87. Re3+ Ne4 88. Rh3 Rd1 89. Rh5+ Kf4 90. Rh4+ Kf5 91. Rh2 Ra1 92. Kd7 Ke5 93. Rh5+ Kd4 94. Rh4 Ra7+ 95. Ke6 Ra6+ 96. Kd7 Rb6 97. Kc7 Rg6 98. Kd7 Kd5 99. Rh5+ Ng5 100. Ke7 Ke5 101. Kd7 Rg7+ 102. Kc6 Kd4 103. Rh4+ Ne4 104. Rh1 Rg6+ 105. Kd7 Nf6+ 106. Ke6 Nd5+ 107. Kd7 Ne3 108. Ra1 Rg7+ 109. Ke6 Nc4 1/2-1/2

[Event "December 12 Late 2023"]
[Site "https://www.chess.com"]
[Date "2023.12.12"]
[Round "7"]
[White "Dubov, Daniil"]
[Black "Khismatullin, Denis"]
[Result "1-0"]
[Board "4"]
[TimeControl "180+1"]
[WhiteFideId "24126055"]
[BlackFideId "4142578"]
[WhiteElo "3122"]
[BlackElo "2960"]
[WhiteTeam "RUS"]
[BlackTeam "RUS"]
[WhiteClock "0:00:02"]
[BlackClock "0:00:00"]

1. d4 Nf6 2. Bf4 c5 3. d5 g6 4. Nc3 d6 5. e4 Bg7 6. Nf3 a6 7. a4 O-O 8. Bc4 Bg4 9. O-O Nbd7 10. h3 Bxf3 11. Qxf3 Nh5 12. Bg5 Ne5 13. Qe2 h6 14. Bd2 Nxc4 15. Qxc4 Nf6 16. a5 Nd7 17. Qe2 b5 18. axb6 Qxb6 19. Ra2 Rfb8 20. Rfa1 g5 21. Nd1 Qb5 22. Qxb5 Rxb5 23. Rxa6 Rxa6 24. Rxa6 Bxb2 25. Ra8+ Nf8 26. Ne3 Be5 27. Kf1 Bf4 28. Re8 Bxe3 29. Bxe3 Rb7 30. e5 Kg7 31. f4 f6 32. exf6+ exf6 33. f5 Kf7 34. Rc8 Nd7 35. Rd8 h5 36. Ke2 h4 37. Bd2 Ke7 38. Rh8 Rb2 39. Rh7+ Kd8 40. Ba5+ Kc8 41. Kd3 Ne5+ 42. Kc3 Rb1 43. Bc7 Rb7 44. Rh6 Kxc7 45. Rxf6 Rb1 46. Re6 Rf1 47. f6 Rf2 48. Re7+ Kd8 49. Re6 Kd7 50. Re7+ Kd8 51. Re6 Nf7 52. Kc4 Rxc2+ 53. Kb5 Rxg2 54. Re7 Ne5 55. Re6 Kd7 56. Re7+ Kd8 57. Re6 Rf2 58. Rxd6+ Nd7 59. Re6 Rxf6 60. Re4 Rf4 61. Re6 Rb4+ 62. Ka5 Rb8 63. d6 Kc8 64. Re7 Ra8+ 65. Kb5 Ra1 66. Kc6 Ra6+ 67. Kd5 Nb6+ 68. Ke6 Nc4 69. Rc7+ Kd8 70. Rxc5 Nxd6 71. Rd5 1-0

[Event "December 12 Late 2023"]
[Site "https://www.chess.com"]
[Date "2023.12.12"]
[Round "7"]
[White "Andreikin, Dmitry"]
[Black "Bok, Benjamin"]
[Result "1-0"]
[Board "5"]
[TimeControl "180+1"]
[WhiteFideId "4158814"]
[BlackFideId "1017063"]
[WhiteElo "3108"]
[BlackElo "2941"]
[WhiteTeam "FID"]
[BlackTeam "NED"]
[WhiteClock "0:00:48"]
[BlackClock "0:00:01"]

1. d4 Nf6 2. c4 e6 3. Nf3 b6 4. e3 Bb7 5. Bd3 d5 6. O-O dxc4 7. Bxc4 Nbd7 8. Nc3 Bd6 9. Qe2 c5 10. dxc5 Bxc5 11. e4 Qb8 12. e5 Bxf3 13. Qxf3 Nxe5 14. Bb5+ Ke7 15. Qg3 Ng6 16. Qf3 a6 17. Be2 Rd8 18. b4 Bd4 19. b5 axb5 20. Nxb5 Bxa1 21. Ba3+ Rxa3 22. Qxa3+ Ke8 23. Rxa1 Qe5 24. Rc1 Qxe2 25. Nd6+ Rxd6 26. Qxd6 Qxf2+ 27. Kh1 Ne7 28. Qb8+ Nc8 29. Qxc8+ Ke7 30. Qc7+ Ke8 31. Qd6 Nd7 1-0

[Event "December 12 Late 2023"]
[Site "https://www.chess.com"]
[Date "2023.12.12"]
[Round "7"]
[White "Cordova, Emilio"]
[Black "Erigaisi Arjun"]
[Result "1-0"]
[Board "6"]
[TimeControl "180+1"]
[WhiteFideId "3801497"]
[BlackFideId "35009192"]
[WhiteElo "2927"]
[BlackElo "3097"]
[WhiteTeam "PER"]
[BlackTeam "IND"]
[WhiteClock "0:00:26"]
[BlackClock "0:01:21"]

1. Nf3 d6 2. d4 g6 3. c4 Bg7 4. Nc3 Nc6 5. g3 Bd7 6. Bg2 Qc8 7. O-O h5 8. d5 Ne5 9. h4 Bh3 10. Bf4 Nh6 11. Rc1 Bxg2 12. Kxg2 Nhg4 13. c5 O-O 14. Qa4 a6 15. Ne4 Qf5 16. Bxe5 Nxe5 17. Rfd1 Rfc8 18. Qc2 Ng4 19. b4 c6 20. Qd3 cxd5 21. Qxd5 Qxd5 22. Rxd5 Bf8 23. Rdd1 dxc5 24. Nxc5 e6 25. Rd7 b6 26. Nd3 Rxc1 27. Nxc1 Bxb4 28. Nd3 a5 29. Ng5 Nh6 30. Rb7 Rb8 31. Rxb8+ 1-0

[Event "December 12 Late 2023"]
[Site "https://www.chess.com"]
[Date "2023.12.12"]
[Round "7"]
[White "Durarbayli, Vasif"]
[Black "Duda, Jan-Krzysztof"]
[Result "1-0"]
[Board "7"]
[TimeControl "180+1"]
[WhiteFideId "13402935"]
[BlackFideId "1170546"]
[WhiteElo "2916"]
[BlackElo "3064"]
[WhiteTeam "AZE"]
[BlackTeam "POL"]
[WhiteClock "0:00:05"]
[BlackClock "0:00:00"]

1. e4 e6 2. d4 d5 3. Nc3 Nf6 4. e5 Nfd7 5. f4 c5 6. Nf3 Nc6 7. Be3 a6 8. Ne2 b5 9. c3 b4 10. cxb4 cxd4 11. Nexd4 Bxb4+ 12. Kf2 Bb7 13. Rc1 Na5 14. Qa4 Be7 15. f5 O-O 16. fxe6 Nc5 17. exf7+ Rxf7 18. Rxc5 Bxc5 19. e6 Rf8 20. h4 Rc8 21. e7 Bxe7 22. Ne6 Qe8 23. Qxa5 Rc2+ 24. Be2 d4 25. Nxd4 Rxb2 26. Qc3 Rxe2+ 27. Kxe2 Kh8 28. h5 Qf7 29. h6 Qxa2+ 30. Qc2 Qxc2+ 31. Nxc2 gxh6 32. Rxh6 a5 33. Rb6 Bd5 34. Bd4+ Kg8 35. Ne3 1-0

[Event "December 12 Late 2023"]
[Site "https://www.chess.com"]
[Date "2023.12.12"]
[Round "7"]
[White "Melkumyan, Hrant"]
[Black "Martinez Alcantara, Jose Eduardo"]
[Result "1/2-1/2"]
[Board "8"]
[TimeControl "180+1"]
[WhiteFideId "13302485"]
[BlackFideId "3805662"]
[WhiteElo "2914"]
[BlackElo "3062"]
[WhiteTeam "ARM"]
[BlackTeam "PER"]
[WhiteClock "0:00:07"]
[BlackClock "0:00:09"]

1. Nf3 c5 2. c4 Nc6 3. Nc3 g6 4. e3 Bg7 5. d4 d6 6. d5 Na5 7. Bd3 Nf6 8. h3 O-O 9. O-O a6 10. e4 e5 11. Bg5 b6 12. Nd2 Nb7 13. Be2 Bd7 14. Bg4 Be8 15. Be2 h6 16. Be3 Qe7 17. g4 Nh7 18. Kh2 Bd7 19. Rg1 Kh8 20. Nf1 Nf6 21. Ng3 Ng8 22. Qd2 Nd8 23. a4 Rb8 24. a5 bxa5 25. Rxa5 Bc8 26. Rga1 Kh7 27. Bd1 Bf6 28. b3 Bg5 29. Bxg5 hxg5 30. Bc2 Kg7 31. Nce2 Nf6 32. Ng1 Rh8 33. Kg2 Ne8 34. Nf3 f6 35. Rh1 Nf7 36. Raa1 Nc7 37. Nf1 Bd7 38. Ne3 Qd8 39. Rh2 Qe7 40. Rah1 Na8 41. Qa5 Bc8 42. Qa1 Nc7 43. h4 gxh4 44. Nxh4 Bd7 45. Nf3 Rxh2+ 46. Rxh2 Bc8 47. Qc1 Ne8 48. Qh1 Kg8 49. Rh7 Ng7 50. Rh2 Qe8 51. Qc1 Qe7 52. Ng1 Ng5 53. Nh3 Nh7 54. f3 a5 55. Qa1 Ra8 56. Nf2 Ng5 57. Rh1 Bd7 58. Nh3 Nf7 59. Nf2 Ng5 60. Nh3 Nh7 61. Nf1 Qd8 62. Ng3 Qe7 63. Nf2 Ng5 64. Nh3 Nf7 65. Nf2 Qd8 66. Qa3 Qb6 67. Ra1 Nd8 68. Nd3 Nb7 69. Ne2 Qd8 70. Ng3 f5 71. exf5 gxf5 72. Nf2 e4 73. gxf5 exf3+ 74. Kxf3 Qf6 75. Rg1 Qd4 76. Qa1 Kf7 77. Qxd4 cxd4 78. f6 Ne8 79. Nfe4 Nxf6 80. Nxf6 Kxf6 81. Ne4+ Kf7 82. Rh1 Kg7 83. Rg1+ Kf7 84. Rh1 Kg7 85. Ke2 a4 86. bxa4 Bxa4 87. Bxa4 Rxa4 88. Kd3 Nc5+ 89. Nxc5 dxc5 90. Rf1 Ra3+ 91. Ke4 Re3+ 92. Kf5 Kf7 93. d6 Ke8 94. Ra1 Kd7 95. Ra6 Re1 96. Ra7+ Kxd6 97. Ra6+ Kc7 98. Kf4 Rc1 99. Ra4 Re1 100. Kf5 Kb7 101. Kf4 Kb6 102. Kf3 Rb1 103. Ke4 Rb3 104. Kd5 Rh3 105. Ra2 Rh5+ 106. Ke4 Rg5 107. Rb2+ Kc6 108. Rb5 Rg4+ 109. Ke5 Rg1 110. Ra5 Re1+ 111. Kf4 d3 112. Ra2 Re2 113. Ra3 d2 114. Rd3 Rh2 115. Ke5 Kb6 116. Kd6 Rh8 117. Ke7 Ka5 118. Rxd2 Kb4 119. Rc2 Rh6 120. Kd7 Rg6 121. Kc7 Kb3 122. Rc1 Kb2 123. Rf1 Kc3 124. Rc1+ Kd4 125. Kb7 Kd3 126. Kc7 Rh6 127. Kb7 Kd2 128. Ra1 Kc3 129. Rc1+ Kb3 130. Kc7 Ra6 131. Kb7 Rf6 132. Kc7 Kb2 133. Re1 Ka3 134. Kb7 Ka4 135. Re4 Kb4 136. Rh4 Rd6 137. Kc7 Rd4 138. Rh1 Rxc4 139. Kc6 Rc2 140. Rb1+ Kc4 141. Rh1 Kb4 142. Rb1+ Kc4 143. Rh1 Kb3 144. Rb1+ Ka2 145. Rb5 c4 146. Kc5 c3 147. Kc4 Rb2 148. Ra5+ Kb1 149. Kxc3 Rc2+ 150. Kb4 Rb2+ 151. Ka4 Ra2+ 152. Kb5 Rxa5+ 153. Kxa5 1/2-1/2

[Event "December 12 Late 2023"]
[Site "https://www.chess.com"]
[Date "2023.12.12"]
[Round "7"]
[White "Rasulov, Vugar"]
[Black "Sarana, Alexey"]
[Result "0-1"]
[Board "9"]
[TimeControl "180+1"]
[WhiteFideId "13402390"]
[BlackFideId "24133795"]
[WhiteElo "2899"]
[BlackElo "3046"]
[WhiteTeam "AZE"]
[BlackTeam "SRB"]
[WhiteClock "0:00:04"]
[BlackClock "0:00:08"]

1. e4 c5 2. c3 d5 3. exd5 Qxd5 4. d4 Nc6 5. Nf3 Bf5 6. Be3 Nf6 7. c4 Qd7 8. Nc3 e6 9. Be2 cxd4 10. Nxd4 Nxd4 11. Qxd4 Qxd4 12. Bxd4 a6 13. O-O-O O-O-O 14. Bf3 Bd6 15. g3 Bc7 16. Bxf6 gxf6 17. Ne4 Bxe4 18. Bxe4 f5 19. Bf3 Bb6 20. Bh5 Rhf8 21. f4 Bd4 22. Rhe1 Kc7 23. Kc2 Rd6 24. Rd3 f6 25. Bf3 e5 26. Bd5 b5 27. Rf1 Kb6 28. b3 Kc5 29. fxe5 fxe5 30. Rdf3 Rdf6 31. Be4 f4 32. cxb5 axb5 33. gxf4 exf4 34. Rh3 Kb4 35. Rh5 Rc8+ 36. Kb1 h6 37. Rd5 Be3 38. Rf5 Rd6 39. Rd5 Rxd5 40. Bxd5 Rd8 41. Rd1 Kc3 42. Bf3 Bd2 43. Be2 b4 44. Rf1 Re8 45. Rf3+ Be3 46. Rf1 Re6 47. Bg4 Rd6 48. Rd1 Rxd1+ 49. Bxd1 Kd2 50. Bh5 Bc5 51. Kb2 Bd4+ 52. Kb1 Ke3 53. Kc2 f3 54. Kd1 Kf2 55. Kd2 Kg2 56. Kd3 Bc5 57. Kc4 Bf8 58. Kd5 f2 59. Be2 f1=Q 60. Bxf1+ Kxf1 61. Ke6 Kg2 62. Kf7 Bc5 63. Kg6 Be3 64. Kf5 Kxh2 65. Ke4 Bc1 0-1

[Event "December 12 Late 2023"]
[Site "https://www.chess.com"]
[Date "2023.12.12"]
[Round "7"]
[White "Paravyan, David"]
[Black "Rodrigue-Lemieux, Shawn"]
[Result "1/2-1/2"]
[Board "10"]
[TimeControl "180+1"]
[WhiteFideId "4194985"]
[BlackFideId "2620049"]
[WhiteElo "3034"]
[BlackElo "2891"]
[WhiteTeam "FID"]
[BlackTeam "CAN"]
[WhiteClock "0:00:21"]
[BlackClock "0:00:42"]

1. e4 c6 2. Nf3 d5 3. Nc3 dxe4 4. Nxe4 Nf6 5. Qe2 Nxe4 6. Qxe4 Nd7 7. d4 Nf6 8. Qf4 Nd5 9. Qd2 Bf5 10. Bd3 Bxd3 11. Qxd3 e6 12. O-O Bd6 13. c4 Nf6 14. Rd1 h6 15. b3 O-O 16. Bb2 a5 17. a4 Qe7 18. Rac1 Rad8 19. Qe2 Ba3 20. g3 Bxb2 21. Qxb2 Qc7 22. Kg2 Rd6 23. b4 axb4 24. Qxb4 Rfd8 25. Rb1 R6d7 26. Qb6 Qxb6 27. Rxb6 c5 28. Ne5 Rc7 29. Nf3 cxd4 30. Rxd4 Rxd4 31. Nxd4 Rxc4 32. Nf3 Rxa4 33. Rxb7 Ne4 34. Ne5 Ra2 35. Rxf7 Ra5 36. Nc6 Rc5 37. Rf4 Rxc6 38. Rxe4 Kf7 39. Ra4 Kf6 1/2-1/2

[Event "December 12 Late 2023"]
[Site "https://www.chess.com"]
[Date "2023.12.12"]
[Round "7"]
[White "Salem, A.R. Saleh"]
[Black "Demchenko, Anton"]
[Result "1-0"]
[Board "11"]
[TimeControl "180+1"]
[WhiteFideId "9301348"]
[BlackFideId "4160258"]
[WhiteElo "3005"]
[BlackElo "2885"]
[WhiteTeam "UAE"]
[BlackTeam "SLO"]
[WhiteClock "0:00:25"]
[BlackClock "0:00:00"]

1. d4 Nf6 2. c4 d6 3. Nf3 Nc6 4. g3 e5 5. Bg2 Be7 6. Nc3 O-O 7. O-O h6 8. h3 Bf5 9. d5 Nb8 10. g4 Bd7 11. Nh2 Nh7 12. Ne4 a5 13. Bd2 b6 14. b3 Na6 15. a3 Nc5 16. Nxc5 bxc5 17. b4 axb4 18. axb4 Rxa1 19. Qxa1 cxb4 20. Bxb4 f5 21. c5 fxg4 22. Nxg4 h5 23. Ne3 dxc5 24. Bc3 Bd6 25. Bxe5 Qg5 26. f4 Qg3 27. Rf3 Qg6 28. Nc4 Bf5 29. Kh2 h4 30. Rf1 Qg3+ 31. Kh1 Bxh3 32. Rg1 Bxe5 33. Qxe5 Rxf4 34. Bf3 Rxf3 35. Rxg3 Rxg3 36. Qe8+ Nf8 37. Ne5 1-0

[Event "December 12 Late 2023"]
[Site "https://www.chess.com"]
[Date "2023.12.12"]
[Round "7"]
[White "Drygalov, Sergey"]
[Black "Gorovets, Andrey"]
[Result "0-1"]
[Board "12"]
[TimeControl "180+1"]
[WhiteFideId "24171743"]
[BlackFideId "13504037"]
[WhiteElo "3005"]
[BlackElo "2848"]
[WhiteTeam "RUS"]
[BlackTeam "BLR"]
[WhiteClock "0:00:03"]
[BlackClock "0:00:13"]

1. d4 f5 2. c4 e6 3. Nf3 Nf6 4. Bf4 b6 5. e3 Bb4+ 6. Nbd2 Ne4 7. a3 Bxd2+ 8. Nxd2 Nxd2 9. Qxd2 Bb7 10. h4 d6 11. h5 Qf6 12. O-O-O Nd7 13. f3 O-O-O 14. e4 h6 15. Bg3 Rde8 16. Re1 fxe4 17. fxe4 e5 18. d5 Nc5 19. Qe3 a5 20. b4 axb4 21. axb4 Na6 22. Bh4 Qf4 23. b5 Nc5 24. g3 Qxe3+ 25. Rxe3 Kb8 26. Be2 Rhf8 27. Kd2 Rf2 28. Ke1 Ref8 29. Rf1 Rxf1+ 30. Bxf1 Bc8 31. Be2 Bh3 32. Bf3 Bd7 33. Be7 Re8 34. Bh4 Kb7 35. Ra3 Rf8 36. Ke2 Be8 37. Ke3 g5 38. hxg6 Bxg6 39. Be7 Rf7 40. Bh4 Rf8 41. Be7 Rf7 42. Bh4 Rg7 43. Bf6 Rg8 44. Bh4 Be8 45. Ra2 Bd7 46. Rf2 Ra8 47. Rd2 Ra3+ 48. Ke2 Be8 49. Bf6 Bg6 50. Bg7 h5 51. g4 h4 52. Bf6 h3 53. Kf2 Bxe4 54. Be2 h2 0-1

[Event "December 12 Late 2023"]
[Site "https://www.chess.com"]
[Date "2023.12.12"]
[Round "7"]
[White "Drygalov, Andrey"]
[Black "Miranda, Rafael"]
[Result "1-0"]
[Board "13"]
[TimeControl "180+1"]
[WhiteFideId "24171735"]
[BlackFideId "130990"]
[WhiteElo "3003"]
[BlackElo "2635"]
[WhiteTeam "RUS"]
[BlackTeam "ARG"]
[WhiteClock "0:00:23"]
[BlackClock "0:00:11"]

1. e4 c5 2. Nf3 d6 3. Bb5+ Nd7 4. O-O Nf6 5. Re1 g6 6. c3 Bg7 7. d4 cxd4 8. cxd4 O-O 9. Nc3 a6 10. Bf1 e5 11. a4 b6 12. h3 Bb7 13. d5 Rc8 14. Be3 Nh5 15. g3 h6 16. Bg2 Nhf6 17. Rc1 Rxc3 18. bxc3 Nxe4 19. c4 Nec5 20. Nh2 f5 21. f4 e4 22. Bf1 a5 23. Be2 Qc7 24. Nf1 Bc8 25. Kh2 Nb8 26. g4 Bd7 27. gxf5 Bxa4 28. Qd2 gxf5 29. Qa2 Be8 30. Ng3 Nba6 31. Bd2 Nb4 32. Bxb4 axb4 33. Rg1 b3 34. Qb1 Kh8 35. Bh5 Qe7 36. Bxe8 Qxe8 37. Rg2 Nd3 38. Rf1 Rg8 39. Qxb3 Qf7 40. Qd1 Bd4 41. Qh5 Qxh5 42. Nxh5 Re8 43. Ng3 e3 44. Re2 Rf8 45. Rd1 Nxf4 46. Rxd4 Nxe2 47. Nxe2 Ra8 48. Kg3 Ra2 49. Kf3 Rd2 50. Kxe3 Rc2 51. Rf4 Kg7 52. Rxf5 Rxc4 53. Nf4 b5 54. h4 b4 55. h5 b3 56. Ne6+ Kh7 57. Rf7+ Kg8 58. Rb7 Rc3+ 59. Kf4 Rh3 60. Kf5 Rxh5+ 61. Kg6 Rg5+ 62. Nxg5 1-0

[Event "December 12 Late 2023"]
[Site "https://www.chess.com"]
[Date "2023.12.12"]
[Round "7"]
[White "Onyshchuk, Volodymyr"]
[Black "Pranav, V"]
[Result "0-1"]
[Board "14"]
[TimeControl "180+1"]
[WhiteFideId "14114038"]
[BlackFideId "25060783"]
[WhiteElo "2769"]
[BlackElo "3046"]
[WhiteTeam "UKR"]
[BlackTeam "IND"]
[WhiteClock "0:00:00"]
[BlackClock "0:00:07"]

1. e4 e5 2. Nf3 Nc6 3. Bc4 Nf6 4. d3 h6 5. Nbd2 d6 6. c3 g6 7. Bb3 Bg7 8. Nf1 O-O 9. Ng3 Be6 10. O-O d5 11. Ba4 Nd7 12. Qe2 Re8 13. Rd1 Qe7 14. Be3 f5 15. Bd2 dxe4 16. dxe4 f4 17. Nf1 Nc5 18. Bc2 g5 19. b4 Nd7 20. Bb3 Nf8 21. Ne1 Qf7 22. Nd3 b6 23. Ba4 Ne7 24. Bxe8 Rxe8 25. f3 h5 26. Be1 Nfg6 27. a4 g4 28. a5 Kh7 29. axb6 axb6 30. Bf2 gxf3 31. gxf3 Bf6 32. Kh1 Nc8 33. Nd2 Nd6 34. Rg1 Rd8 35. Ne1 Nc4 36. Nxc4 Bxc4 37. Qc2 Qd7 38. Ra7 Qd6 39. Ng2 Kh6 40. Ne1 Rd7 41. Ra8 Qe6 42. Rb8 Qh3 43. Re8 Bf7 44. Rb8 Qe6 45. Nd3 Qc4 46. Nc1 Qc6 47. Ne2 Bc4 48. Nc1 Qe6 49. Be1 Bh4 50. Qg2 Bxe1 51. Rxe1 Nh4 52. Rh8+ Rh7 53. Rxh7+ Kxh7 54. Qf2 Qh3 55. Ne2 Qxf3+ 56. Qxf3 Nxf3 57. Rd1 Bxe2 58. Rd7+ Kg6 59. Rxc7 Nd2 60. Rc6+ Kg5 61. Rxb6 f3 62. Kg1 Nxe4 0-1